 Dungeon Crawl Stone Soup version 0.32-a0-913-g739538afd8 (webtiles) character file.

Game seed: 15600332654381073037

1308 Cancer the Digger (level 8, -3/41 HPs)
             Began as a Gargoyle Earth Elementalist on Apr 10, 2024.
             Killed from afar by a steam dragon (17 damage)
             ... with a ball of steam
             ... on level 6 of the Dungeon.
             The game lasted 00:11:56 (4844 turns).

Cancer the Digger (Gargoyle Earth Elementalist)     Turns: 4844, Time: 00:11:57

Health: -3/41      AC: 10    Str: 14    XL:     8   Next: 58%
Magic:  16/16      EV: 11    Int: 18    God:
Gold:   368        SH:  0    Dex: 14    Spells: 17/18 levels left

rFire   . . .        r - staff of death
rCold   . . .        (no shield)
rNeg    + + .        a - +0 robe
rPois   ∞            (no helmet)
rElec   +            (no cloak)
rCorr   .            o - +2 pair of gloves of Festooned Creativity {rElec Regen+ Str+2 Dex-2}
SInv    .            (no boots)
Will    .....        d - amulet of magic regeneration
Stlth   ++           u - +6 ring of dexterity
HPRegen 1.06/turn    (no ring)
MPRegen 0.55/turn

%: no passive effects
@: no status effects
A: sickness immunity, AC +5, negative energy resistance 1, electricity
resistance, torment resistance 1, petrification resistance
a: no special abilities


You were on level 6 of the Dungeon.
You visited 1 branch of the dungeon, and saw 6 of its levels.

You collected 368 gold pieces.

Inventory:

Hand Weapons
 z - the +1 sling of Fuw Kev {elec, rF++}
   (You took it off an orc on level 5 of the Dungeon)

   rF++:      It greatly protects you from fire.
Missiles
 v - a throwing net
Armour
 a - a +0 robe (worn)
 e - a +0 kite shield
 l - a +2 tower shield
 o - the +2 pair of gloves of Festooned Creativity (worn) {rElec Regen+ Str+2 Dex-2}
   (You found it on level 2 of the Dungeon)

   Str+2:     It affects your strength (+2).
   Dex-2:     It affects your dexterity (-2).
   rElec:     It insulates you from electricity.
   Regen+:    It increases your rate of health regeneration.
Magical Staves
 r - a staff of death (weapon)
Jewellery
 d - an amulet of magic regeneration (around neck)
 u - a +6 ring of dexterity (left hand)
Wands
 y - a wand of roots (4)
Scrolls
 c - a scroll of silence {unknown}
 f - a scroll of fear {unknown}
 h - 13 scrolls of identify {unknown}
 i - a scroll of vulnerability {unknown}
 j - a scroll of acquirement {unknown}
 k - a scroll of enchant weapon {unknown}
 n - a scroll of summoning {unknown}
 s - a scroll of brand weapon {unknown}
 w - a scroll of poison {unknown}
 x - a scroll of immolation {unknown}
Potions
 b - 2 potions of magic
 g - a potion of heal wounds {unknown}
 m - a potion of brilliance {unknown}
 p - 2 potions of haste {unknown}
 q - 2 potions of curing {unknown}
 t - a potion of cancellation {unknown}
 A - a potion of invisibility {unknown}
 B - 2 potions of lignification {unknown}


   Skills:
 - Level 1.5 Dodging
 - Level 2.1 Stealth
 + Level 5.7 Spellcasting
 + Level 6.3 Conjurations
 + Level 7.8 Earth Magic


You had 17 spell levels left.
You knew the following spells:

 Your Spells              Type           Power      Damage    Failure   Level
a - Sandblast             Erth           66%        2d15      1%          1

Your spell library contained the following spells:

 Spells                   Type           Power      Damage    Failure   Level
 Passwall                 Erth           33%        N/A       1%          3
 Stone Arrow              Conj/Erth      60%        3d10      1%          3
 Brom's Barrelling Bould  Conj/Erth      30%        2d5       7%          4
 Animate Armour           Summ/Erth      38%        N/A       24%         4
 Petrify                  Alch/Erth      19%        N/A       24%         4
 Flame Wave               Conj/Fire      16%        2d7       32%         4
 Iskenderun's Mystic Bla Conj/Tloc 16%            2d5        (+2d2     32%         4
 Inner Flame              Hex/Fire       5%         N/A       36%         3
 Tukima's Dance           Hex            5%         N/A       36%         3
 Dimensional Bullseye     Hex/Tloc       2%         N/A       77%         4
 Sticky Flame             Fire/Alch      5%         2d4       77%         4
 Lehudib's Crystal Spear  Conj/Erth      15%        10d5      100%        8


Dungeon Overview and Level Annotations

Branches:
Dungeon (6/15)
 Temple: D:4-7

Altars:
Cheibriados
Wu Jian
Yredelemnul

Shops:
D:1 !   D:2 *   D:4 (   D:6 [

Annotations:
D:5 water


Innate Abilities, Weirdness & Mutations

You are immune to sickness and miasma.
Your stone body is resilient. (AC +5)
You are immune to poison.
You resist negative energy. (rN+)
You are resistant to electric shocks. (rElec)
You are resistant to unholy torment.
You are immune to petrification.


Message History

The centaur shouts!
The centaur wields a +0 orcbow.
The centaur shoots an arrow.
The arrow misses you.
The centaur shoots an arrow.
The arrow barely misses you.
The centaur shoots an arrow.
The arrow barely misses you.
The centaur shoots an arrow.
The arrow hits you!
The centaur unwields a +0 orcbow.
The centaur misses you.
The centaur kicks you but does no damage.
The centaur closely misses you. The centaur barely misses you.
The blast of sand hits the centaur.
The centaur is moderately wounded.
The centaur hits you but does no damage.
The centaur barely misses you. The centaur hits you.
The centaur kicks you but does no damage.
The blast of sand hits the centaur!!
You kill the centaur!
You can't see any susceptible monsters within range! (Use Z to cast anyway.)
You can't see any susceptible monsters within range! (Use Z to cast anyway.)
Things that are here:
a +0 orcbow; a centaur corpse
B - 2 ruby potions A steam dragon comes into view.
You see here a sedimented grey potion.
p - 2 sedimented grey potions (gained 1)
The steam dragon hisses angrily.
The blast of sand hits the steam dragon!
The steam dragon is heavily wounded.
The blast of sand hits the steam dragon.
The steam dragon is heavily wounded.
The steam dragon breathes steam at you. The ball of steam hits you!!
The blast of sand hits the steam dragon!
The steam dragon is almost dead.
You are engulfed in a cloud of scalding steam.
* * * LOW HITPOINT WARNING * * *
The steam dragon closely misses you.
The steam dragon claws you but does no damage.
The steam dragon breathes steam at you. The ball of steam hits you!
You die...

#........#########'#.#
#........# #.#.#
#........# #.#.#
#........# #.#.#
#........# #.#.#
#.....§..# #.#.#
##....§...#### #.#.#
#....§........ #.#.#
#...D§@....##.. #.#..
#..........# #.###.###
#....###....# #.....###
...... #....#######.....
...... #............#.##
##### #..............##
#########..........#.∩.##
#............#######...##
##............# #.#.##


You could see a steam dragon (catching breath).

Vanquished Creatures
  A water moccasin (D:6)
  An ogre (D:5)
  A centaur (D:6)
  A phantom (D:5)
  A bullfrog (D:6)
  3 scorpions
  2 bombardier beetles
  7 hounds
  An orc priest (D:5)
  3 iguanas
  2 sleepcaps
  3 orc wizards
  3 gnolls (D:5)
  10 adders
  A white imp (D:6)
  2 dart slugs
  A ribbon worm (D:2)
  15 orcs
  4 ball pythons
  7 endoplasms
  A giant cockroach (D:1)
  8 hobgoblins
  3 jackals (D:2)
  4 quokkas
  7 bats
  5 frilled lizards
  4 kobolds
  11 rats
112 creatures vanquished.

Notes
Turn   | Place    | Note
-------+----------+-------------------------------------------
     0 | D:1      | Cancer the Gargoyle Earth Elementalist began the quest for
                  | the Orb.
     0 | D:1      | Reached XP level 1. HP: 10/10 MP: 3/3
   262 | D:1      | Reached XP level 2. HP: 15/15 MP: 3/5
   397 | D:1      | Found Cihydeiph's Distillery.
   473 | D:1      | Found a faded altar of an unknown god.
   524 | D:1      | Reached skill level 4 in Earth Magic
   792 | D:1      | Reached XP level 3. HP: 19/19 MP: 6/6
  1322 | D:2      | Reached XP level 4. HP: 24/24 MP: 6/8
  1615 | D:2      | Identified the +2 pair of gloves of Festooned Creativity
                  | {rElec Regen+ Str+2 Dex-2}
  1671 | D:2      | Found Leefu's General Store.
  2138 | D:3      | Found an ornate altar of the Wu Jian Council.
  2602 | D:3      | Reached XP level 5. HP: 28/28 MP: 7/9
  2849 | D:4      | Reached skill level 5 in Earth Magic
  2849 | D:4      | Found Peoham's Weapon Shop.
  2967 | D:4      | Found a snail-covered altar of Cheibriados.
  3003 | D:4      | Reached XP level 6. HP: 32/32 MP: 9/11
  3521 | D:4      | Reached skill level 6 in Earth Magic
  3874 | D:5      | Entered Level 5 of the Dungeon
  3878 | D:5      | Reached XP level 7. HP: 36/36 MP: 11/13
  3971 | D:5      | Found a basalt altar of Yredelemnul.
  4056 | D:5      | Identified the +1 sling of Fuw Kev {elec, rF++}
  4060 | D:5      | Reached skill level 5 in Conjurations
  4093 | D:5      | Reached skill level 5 in Spellcasting
  4093 | D:5      | Reached skill level 7 in Earth Magic
  4099 | D:5      | Reached XP level 8. HP: 38/41 MP: 12/15
  4177 | D:5      | You fall into a shaft and drop 1 floor!
  4596 | D:6      | Found Heryot's Armour Boutique.
  4844 | D:6      | Killed from afar by a steam dragon

Illustrated notes

Levels and vault maps discovered:
D:1:      evilmike_arrival_crescent, layout_basic, serial_shops, shop,
          hellmonk_ecumenical_altar_run_dry, chequers_serial_rivers_micro_e,
          minmay_box_of_dots
D:2:      layout_basic, serial_shops, shop
D:3:      layout_loops_cross, mainiacjoe_overflow_paths
D:4:      layout_basic, slow_altar_1, serial_shops, shop
D:5:      layout_rooms, overflow_temple_1_default, serial_rivers,
          chequers_serial_rivers_small_b, chequers_serial_rivers_large_a,
          chequers_serial_rivers_micro_b, chequers_serial_rivers_micro_a,
          chequers_serial_rivers_micro_a
D:6:      layout_basic, serial_shops, nicolae_shop_stone, ebering_ghost_gozag

Skill      XL: |  1  2  3  4  5  6  7  8 |
---------------+-------------------------+-----
Earth Magic    | 4 5 6 7 |  7.8
Conjurations   | 2 3 4 5 6 |  6.3
Spellcasting   | 3 4 5 |  5.7
Dodging        | |  1.5
Stealth        | |  2.1

Action                     |  1- 3 |  4- 6 |  7- 9 || total
---------------------------+-------+-------+-------++-------
  Melee: Unarmed           |     4 |     2 |       ||     6
         Staff             |       |     5 |    12 ||    17
   Cast: Sandblast         |    53 |    86 |    80 ||   219
 Armour: Robe              |    23 |    34 |    92 ||   149
  Dodge: Dodged            |    18 |    45 |    49 ||   112

Table legend: (Time is in decaauts)
 A = Elapsed time spent in this place.
 B = Non-inter-level travel time spent in this place.
 C = Inter-level travel time spent in this place.
 D = Time resting spent in this place.
 E = Time spent auto-exploring this place.
 F = Levels seen in this place.
 G = Mean time per level.
                   A        B        C        D        E       F      G
               +--------+--------+--------+--------+--------+-----+--------+
         Total |   4972 |   4404 |    568 |     18 |   3299 |   6 |  828.7 |
       Dungeon |   4972 |   4404 |    568 |     18 |   3299 |   6 |  828.7 |
               +--------+--------+--------+--------+--------+-----+--------+

Top non-repeatable levels by time:
     D:1: 1199 daAuts
     D:4: 1136 daAuts
     D:2: 977 daAuts
     D:3: 682 daAuts
     D:5: 650 daAuts
     D:6: 326 daAuts
